 Dungeon Crawl Stone Soup version 0.30-a0-475-g03497ec522 (webtiles) character file.

Game seed: 3271981551041289646

6 PyroL the Grasshopper (level 1, 0/18 HPs)
             Began as a Draconian Warper on Dec 21, 2022.
             Frozen to death by an endoplasm (2 damage)
             ... on level 1 of the Dungeon.
             The game lasted 00:00:19 (121 turns).

PyroL the Grasshopper (Draconian Warper)             Turns: 121, Time: 00:00:20

Health: 0/18       AC:  4    Str: 13    XL:     1   Next: 75%
Magic:  3/3        EV: 12    Int: 13    God:
Gold:   0          SH:  0    Dex: 10    Spells: 4/4 levels left

rFire   . . .      SeeInvis .    a - +0 mace
rCold   . . .      Faith    .    (no shield)
rNeg    . . .      Spirit   .    (body armour unavailable)
rPois   .          Reflect  .    (helmet restricted)
rElec   .          Harm     .    (no cloak)
rCorr   .          Rampage  .    (no gloves)
Will    .....                    (no boots)
Stlth   +.........               (no amulet)
HPRegen 0.23/turn                (no ring)
MPRegen 0.08/turn                (no ring)

@: lethally poisoned (0 -> -3)
A: AC +4, unfitting armour, cold-blooded
a: no special abilities


You were on level 1 of the Dungeon.
You visited 1 branch of the dungeon, and saw 1 of its levels.

Inventory:

Hand Weapons
 a - a +0 mace (weapon)
Missiles
 c - 7 boomerangs of dispersal (quivered)
Jewellery
 d - an amulet of faith
Scrolls
 b - a scroll of blinking


   Skills:
 + Level 2.9 Fighting
 - Level 2.0 Maces & Flails
 - Level 0.8 Throwing
 - Level 2.1 Dodging
 - Level 2.0 Spellcasting
 - Level 3.0 Translocations


You had 4 spell levels left.
You didn't know any spells.
Your spell library contained the following spells:

 Spells                   Type           Power      Damage    Failure   Level
 Blink                    Tloc           18%        N/A       11%         2
 Lesser Beckoning         Tloc           18%        N/A       22%         3
 Teleport Other           Tloc           9%         N/A       22%         3
 Vhi's Electric Charge    Tloc/Air       10%        N/A       38%         3
 Manifold Assault         Tloc           9%         N/A       58%         4


Dungeon Overview and Level Annotations

Branches:
Dungeon (1/15)

Altars:


Innate Abilities, Weirdness & Mutations

Your plain brown scales are hard. (AC +4)
You cannot fit into any form of body armour.
You are cold-blooded and may be slowed by cold attacks.


Message History

You barely miss the kobold.
The kobold shouts!
The kobold closely misses you.
You barely miss the kobold. The kobold completely misses you.
The kobold barely misses you.
You barely miss the kobold.
An endoplasm comes into view.
The kobold closely misses you.
The endoplasm quivers.
You hit the kobold.
You kill the kobold!
The kobold throws a stone.
The stone hits you.
An endoplasm comes into view.
You closely miss the kobold. The kobold hits you but does no damage.
You are poisoned.
You barely miss the kobold.
You feel sick. The kobold closely misses you.
The kobold hits you with a +1 short sword of venom.
You are lethally poisoned!
The kobold attacks as you move away!
The kobold hits you with a +1 short sword of venom.
You feel very sick.
The endoplasm quivers.
The kobold attacks as you move away! The kobold closely misses you.
* * * LOW HITPOINT WARNING * * *
You feel very sick.
You hit the kobold.
You kill the kobold!
* * * LOW HITPOINT WARNING * * *
You feel very sick.
You hit the endoplasm. You tail-slap the endoplasm.
The endoplasm is severely wounded.
* * * LOW HITPOINT WARNING * * *
You feel sick. The endoplasm misses you.
You hit the endoplasm.
The endoplasm is almost dead.
* * * LOW HITPOINT WARNING * * *
You feel sick. The endoplasm freezes you.
You are frozen.
You die...

...?...... .........#
.........# .........#
.........# ..J......#
........)#####
.......#J#...# # ##
#####.##@#.#.###. #.
#. #.#.#.#...#######.
# #.#.#.#.##.....##.
#.....#.#......##)
#.####.###.#.........
#........#.#.......#.
...####.#..........##.
#.#...#.###.###.
#.#...#.# #.###.


You could see an endoplasm.

Vanquished Creatures
  A ball python (D:1)
  An endoplasm (D:1)
  3 kobolds (D:1)
5 creatures vanquished.

Notes
Turn   | Place    | Note
-------+----------+-------------------------------------------
     0 | D:1      | PyroL the Draconian Warper began the quest for the Orb.
     0 | D:1      | Reached XP level 1. HP: 17/17 MP: 3/3
   121 | D:1      | Frozen to death by an endoplasm

Illustrated notes

Levels and vault maps discovered:
D:1:      saegor_arrival_simple_d, layout_basic, minmay_crystal_water

Action                   || total
-------------------------++-------
Melee: Mace              ||    17
       Tailslap          ||     1
Armor: Skin              ||     2
Dodge: Dodged            ||    11

Table legend: (Time is in decaauts)
 A = Elapsed time spent in this place.
 B = Non-inter-level travel time spent in this place.
 C = Inter-level travel time spent in this place.
 D = Time resting spent in this place.
 E = Time spent auto-exploring this place.
 F = Levels seen in this place.
 G = Mean time per level.
                   A        B        C        D        E       F      G
               +--------+--------+--------+--------+--------+-----+--------+
         Total |    125 |    125 |      0 |      0 |     90 |   1 |  125.0 |
       Dungeon |    125 |    125 |      0 |      0 |     90 |   1 |  125.0 |
               +--------+--------+--------+--------+--------+-----+--------+

Top non-repeatable levels by time:
     D:1: 125 daAuts
